 Dungeon Crawl Stone Soup version 0.26.0-18-gc5c842f807 (console) character file.

Game seed: 17640552396255795544

3406 jejorda2 the Cleaver (level 10, -18/88 HPs)
             Began as a Hill Orc Berserker on Jan 22, 2021.
             Was a High Priest of Trog.
             Shot with a bolt by an orc warrior (20 damage)
             ... in a bailey.
             The game lasted 00:22:26 (6255 turns).

jejorda2 the Cleaver (Hill Orc Berserker)           Turns: 6255, Time: 00:22:27

Health: -18/88     AC: 16    Str: 24    XL:     10   Next: 4%
Magic:  10/10      EV:  7    Int:  7    God:    Trog [*****.]
Gold:   186        SH:  0    Dex: 10    Spells: 9/9 levels left

rFire    + . .     SeeInvis .   a - +0 war axe
rCold    + . .     Faith    .   (no shield)
rNeg     . . .     Spirit   .   F - +0 plate armour
rPois    .         Reflect  .   (no helmet)
rElec    .         Harm     .   (no cloak)
rCorr    .         Rampage  .   (no gloves)
Will     .....                  e - +2 pair of boots
Stlth    ..........             o - amulet of regeneration
HPRegen  0.64/turn              r - ring of protection from cold
MPRegen  0.12/turn              i - ring of protection from fire

@: berserk cooldown, flying, slowed, very slow
A: no striking features
a: Renounce Religion, Berserk, Trog's Hand, Brothers in Arms


You were in a bailey.
You worshipped Trog.
Trog was extremely pleased with you.
You visited 1 branch of the dungeon, and saw 7 of its levels.
You also visited: Ossuary and Bailey.

You collected 283 gold pieces.
You spent 97 gold pieces at shops.

Inventory:

Hand Weapons
 a - a +0 war axe (weapon)
 d - a +2 flail of holy wrath
Missiles
 q - 9 poisoned darts (quivered)
Armour
 e - a +2 pair of boots (worn)
 F - a +0 plate armour (worn)
Jewellery
 g - an uncursed ring of see invisible
 i - a ring of protection from fire (right hand)
 o - an amulet of regeneration (around neck)
 r - a ring of protection from cold (left hand)
Wands
 l - a wand of random effects (20)
 C - a wand of flame (34)
 D - a wand of iceblast (9)
Scrolls
 h - 3 scrolls of identify
 w - 5 scrolls of remove curse
 x - a scroll of blinking
 A - 4 scrolls of teleportation
Potions
 b - 2 potions of heal wounds
 c - 2 potions of flight
 f - 2 potions of curing
 k - 2 potions of resistance
 m - a potion of mutation
 p - 2 potions of ambrosia
 s - 2 potions of haste
 u - a potion of lignification
 E - 2 potions of might


   Skills:
 - Level 8.0 Fighting
 * Level 14.2 Axes
 - Level 7.0 Armour
 - Level 1.5 Dodging


You had 9 spell levels left.
You didn't know any spells.
Your spell library was empty.

Dungeon Overview and Level Annotations

Branches:
Dungeon (7/15)             Temple (0/1) D:5         Ossuary (visited)
 Bailey (1/1)

Altars:
Ashenzari
Dithmenos
Elyvilon
Gozag
Kikubaaqudgha
Nemelex Xobeh

Shops:
D:4 **?([   D:6 *   D:7 ?


Message History

The orc warrior shoots a bolt.
The bolt barely misses you.
The orc warrior unwields a +0 arbalest.
The orc warrior completely misses you.
You are no longer berserk.
You are exhausted.
You feel yourself slow down.
You slash the orc warrior!
The orc warrior is heavily wounded.
The orc warrior closely misses you.
You slash the orc warrior!
The orc warrior is severely wounded.
The orc warrior hits you!
* * * LOW HITPOINT WARNING * * *
The orc warrior shoots a bolt.
The bolt hits you.
* * * LOW HITPOINT WARNING * * *
The orc warrior hits you but does no damage.
You slash the orc warrior!
You kill the orc warrior!
Trog accepts your kill.
The orc warrior shoots a bolt.
The bolt hits you!!
You die...

### ##∩#########
#.∩.##..)@.##
≈..#...#..≈≈≈..#
o≈≈....o(.≈≈.≈≈.#
oo≈.......≈)∩)≈.+
≈o≈≈.......≈≈)≈≈.#
≈≈≈..#...#..≈≈≈..#
....##...##.....##
#### ##∩#########
##


You could see an orc warrior.

Vanquished Creatures
  Pikel (D:4)
  Grinder (D:5)
  5 orc warriors
  A sky beast (D:5)
  An ice beast (D:5)
  A phantom (D:6)
  2 ogres
  4 centaurs
  2 lemures (D:4)
  3 bullfrogs
  A water moccasin zombie (D:6)
  2 jellies (D:5)
  2 vampire bats (D:2)
  A howler monkey (D:5)
  4 bullfrog zombies (Ossuary)
  4 centaur zombies (Ossuary)
  2 hounds
  An orc priest (D:4)
  A bullfrog skeleton (D:6)
  A centaur skeleton (D:6)
  2 iguanas
  5 orc wizards
  A worker ant (D:5)
  A killer bee zombie (Ossuary)
  2 hound zombies (Ossuary)
  A hound skeleton (D:4)
  13 mummies (Ossuary)
  3 worker ant zombies (Ossuary)
  3 gnolls (D:2)
  7 adders
  A shadow imp (D:5)
  2 oozes (D:4)
  An adder skeleton (D:7)
  2 adder zombies (Ossuary)
  A worm (D:2)
  2 dart slugs (D:1)
  A leopard gecko (D:4)
  16 orcs
  A bat skeleton (D:2)
  3 bat zombies (D:2)
  8 giant cockroaches
  8 goblins
  7 hobgoblins
  21 jackals
  8 kobolds
  5 quokkas
  2 ball pythons
  8 bats
  2 frilled lizards
  A leopard gecko skeleton (D:4)
  4 leopard gecko zombies
  3 quokka zombies (Ossuary)
  9 rats
194 creatures vanquished.

Vanquished Creatures (others)
  5 withered plants (Ossuary)
5 creatures vanquished.

Grand Total: 199 creatures vanquished

Notes
Turn   | Place    | Note
-------+----------+-------------------------------------------
     0 | D:1      | jejorda2 the Hill Orc Berserker began the quest for the
                  | Orb.
     0 | D:1      | Reached XP level 1. HP: 19/19 MP: 1/1
   315 | D:1      | Reached XP level 2. HP: 27/27 MP: 2/2
   972 | D:2      | Reached XP level 3. HP: 33/33 MP: 3/3
  1096 | D:2      | Reached skill level 5 in Axes
  1308 | D:2      | Reached ** piety under Trog
  1465 | D:2      | Reached XP level 4. HP: 40/40 MP: 4/4
  1515 | D:2      | Found an ancient bone altar of Kikubaaqudgha.
  1551 | D:2      | Reached skill level 6 in Axes
  1551 | D:2      | Reached XP level 5. HP: 42/47 MP: 5/5
  2112 | D:2      | Found a sparkling altar of Nemelex Xobeh.
  2177 | D:2      | Found a shadowy altar of Dithmenos.
  2399 | D:3      | Reached skill level 5 in Fighting
  2399 | D:3      | Reached XP level 6. HP: 51/56 MP: 6/6
  2648 | D:3      | Reached *** piety under Trog
  2749 | D:3      | Found a faded altar of an unknown god.
  3025 | D:4      | Found a white marble altar of Elyvilon.
  3025 | D:4      | Found Vutithoa's Weapon Shop.
  3034 | D:4      | Bought a +0 war axe for 42 gold pieces
  3040 | D:4      | Found Zestiumi's Antique Armour Emporium.
  3048 | D:4      | Reached skill level 7 in Axes
  3095 | D:4      | Noticed Pikel
  3109 | D:4      | Killed Pikel
  3110 | D:4      | Reached skill level 8 in Axes
  3110 | D:4      | Reached skill level 5 in Armour
  3110 | D:4      | Reached XP level 7. HP: 63/63 MP: 7/7
  3158 | D:4      | Found Wulef's Magic Scroll Shoppe.
  3264 | D:4      | Found Zotrex's Assorted Antiques.
  3272 | D:4      | Bought a scroll labelled FAAPAOPS BOPO for 19 gold pieces
  3272 | D:4      | Bought a scroll labelled NUHOMI RATHRAJE for 19 gold pieces
  3272 | D:4      | Bought a fizzy grey potion for 17 gold pieces
  3275 | D:4      | Found a sand-covered staircase.
  3280 | Ossuary  | Entered an ossuary
  3311 | Ossuary  | Reached skill level 9 in Axes
  3317 | Ossuary  | Reached XP level 8. HP: 31/71 MP: 8/8
  3657 | Ossuary  | Reached skill level 10 in Axes
  3663 | Ossuary  | Reached **** piety under Trog
  3956 | D:4      | Found an opulent altar of Gozag.
  3982 | D:4      | Found Dorury's General Store.
  4508 | D:5      | Entered Level 5 of the Dungeon
  4640 | D:5      | Reached XP level 9. HP: 76/79 MP: 9/9
  4667 | D:5      | Reached skill level 11 in Axes
  4721 | D:5      | Found a staircase to the Ecumenical Temple.
  4775 | D:5      | Reached ***** piety under Trog
  4821 | D:5      | Noticed Grinder
  4837 | D:5      | Killed Grinder
  4943 | D:5      | Found a broken altar of Ashenzari.
  5409 | D:6      | Reached skill level 12 in Axes
  5704 | D:6      | Found Goon's Assorted Antiques.
  6010 | D:6      | Reached skill level 13 in Axes
  6201 | D:7      | Found Ebunez's Magic Scroll Shoppe.
  6214 | D:7      | Found a flagged portal.
  6232 | Bailey   | Entered a bailey
  6249 | Bailey   | Reached skill level 14 in Axes
  6249 | Bailey   | Reached XP level 10. HP: 33/88 MP: 10/10
  6254 | Bailey   | HP: 3/88 [orc warrior (10)]
  6254 | Bailey   | HP: 1/88 [orc warrior/bolt (2)]
  6255 | Bailey   | Shot with a bolt by an orc warrior

Illustrated notes

Levels and vault maps discovered:
D:1:      dpeg_arrival_windows_large_door, layout_basic
D:2:      layout_rooms, nemelex_altar_shiori, kennysheep_vampire_church,
          lemuel_coloured_pillars_altar, serial_bayou_ford_a, minmay_quantized
D:3:      minmay_door_path, layout_basic, chequers_ecumenical_altar_simple_redux
D:4:      layout_basic, elyvilon_altar_4, kennysheep_mini_moat, serial_shops,
          shop, shop, shop, shop, nicolae_shop_statue_plus, enter_ossuary_2,
          minmay_starry_boxes, uniq_pikel
D:5:      layout_basic, kennysheep_little_box, minmay_temple_entry_offerings,
          uniq_grinder
D:6:      layout_gridville, serial_shops, shop
D:7:      layout_gridville, vehumet_statue, enter_bailey_3, serial_shops, shop,
          shop, uniq_menkaure
Bailey:   bailey_polearm_4, bailey

Skill      XL: |  1  2  3  4  5  6  7  8  9 |
---------------+----------------------------+-----
Fighting       | 4 5 6 7 8 |  8.0
Axes           | 5 6 8 9 10 14 | 14.2
Armour         | 3 5 6 7 |  7.0
Dodging        | |  1.5

Action                   |  1- 3 |  4- 6 |  7- 9 | 10-12 || total
-------------------------+-------+-------+-------+-------++-------
Melee: Hand axe          |   125 |   172 |       |       ||   297
       War axe           |       |    25 |   414 |     4 ||   443
Invok: Berserk           |       |     2 |     1 |       ||     3
       Trog's Hand       |       |     1 |     1 |       ||     2
  Use: Scroll            |       |     6 |    15 |       ||    21
       Potion            |       |       |     2 |       ||     2
Armor: Animal skin       |     6 |       |       |       ||     6
       Ring mail         |    27 |       |       |       ||    27
       Chain mail        |    17 |   140 |    95 |       ||   252
       Plate armour      |       |       |   118 |     1 ||   119
Dodge: Dodged            |    84 |   113 |   124 |     3 ||   324
